 Dungeon Crawl Stone Soup version 0.21.1-1-g345015f (webtiles) character file.

5251 inc the Fighter (level 10, -2/53 HPs)
             Began as a Felid Conjurer on Mar 13, 2018.
             Was a High Priest of Ashenzari.
             Slain by a wyvern (4 damage)
             ... on level 2 of the Lair of Beasts.
             The game lasted 00:37:10 (16442 turns).

inc the Fighter (Felid Conjurer)                   Turns: 16442, Time: 00:37:11

Health: -2/53      AC:  2    Str:  4    XL:     10   Next: 36%
Magic:  31/37      EV: 22    Int: 20    God:    Ashenzari [*****.]
Gold:   343        SH:  0    Dex: 17    Spells: 9/20 levels left
                                        Lives:  0   Deaths: 3

rFire    + . .     SeeInvis +     - Unarmed
rCold    . . .     Gourm    .   (shield unavailable)
rNeg     . . .     Faith    .   (armour unavailable)
rPois    .         Spirit   .   (helmet unavailable)
rElec    .         Reflect  .   (cloak unavailable)
rCorr    .         Harm     .   (gloves unavailable)
MR       +....     Clarity  +   (boots unavailable)
Stlth    ++++......             G - amulet of magic regeneration (curse)
HPRegen  0.17/turn              d - ring of magical power (curse)
MPRegen  0.50/turn              P - ring "Arid" {rF+ MP+9 Stlth+} (curse)

@: quick
A: very small, no armour, no weapons or thrown items, stealth, claws 1, fangs 3,
see invisible, carnivore, speed 1, shaggy fur 2, slow metabolism 1, sharp paws
a: Curse Item, Scrying, Transfer Knowledge, Renounce Religion


You were on level 2 of the Lair of Beasts.
You worshipped Ashenzari.
Ashenzari was extremely pleased with you.
You were not hungry.

You visited 3 branches of the dungeon, and saw 14 of its levels.
You also visited: Ice Cave.

You collected 1010 gold pieces.
You spent 667 gold pieces at shops.

Inventory:

Jewellery
 d - a cursed ring of magical power (left paw)
 e - a +3 ring of strength
 C - a +5 ring of strength
 G - a cursed amulet of magic regeneration (around neck)
 I - an uncursed ring of protection from cold
 K - an uncursed ring of resist corrosion
 P - the cursed ring "Arid" (right paw) {rF+ MP+9 Stlth+}
   (You acquired it on level 8 of the Dungeon)

   [ring of stealth]

   It protects you from fire.
   It affects your magic capacity (+9).
   It makes you more stealthy.
   It has a curse placed upon it.
 S - an uncursed ring of poison resistance
 T - an uncursed ring of magical power
 V - an uncursed ring of ice
Wands
 q - a wand of paralysis (23)
 s - a wand of flame (31)
 x - a wand of polymorph (19)
 y - a wand of iceblast (43)
 J - a wand of scattershot (4)
 L - a wand of digging (19)
 R - a wand of disintegration (15)
Scrolls
 c - 2 scrolls of enchant armour
 f - a scroll of fear {unknown}
 g - a scroll of silence {unknown}
 m - 5 scrolls of amnesia
 o - 2 scrolls of random uselessness {unknown}
 p - 6 scrolls of teleportation
 v - a scroll of magic mapping {unknown}
 w - 2 scrolls of enchant weapon {unknown}
 z - 2 scrolls of fog {unknown}
 D - 2 scrolls of blinking {unknown}
 E - a scroll of remove curse
 F - a scroll of immolation {unknown}
 H - a scroll of noise {unknown}
 N - a scroll of vulnerability {unknown}
 Q - a scroll of torment {unknown}
 U - a scroll of identify
Potions
 h - a potion of mutation
 i - 3 potions of haste
 j - 4 potions of ambrosia
 k - 6 potions of agility
 l - 2 potions of degeneration
 n - 3 potions of flight
 r - 2 potions of brilliance
 t - 6 potions of curing
 u - 5 potions of might
 A - a potion of lignification
 M - a potion of berserk rage
Books
 a - a book of Conjurations

   Spells                             Type                      Level
   a - Magic Dart                     Conjuration                  1
   b - Searing Ray                    Conjuration                  2
   c - Dazzling Spray                 Conjuration/Hexes            3
   d - Fulminant Prism                Conjuration/Hexes            4
   e - Force Lance                    Conjuration/Translocation    4
   f - Iskenderun's Mystic Blast      Conjuration                  4
 B - a book of Cantrips

   Spells                             Type                      Level
   a - Confusing Touch                Hexes                        1
   b - Animate Skeleton               Necromancy                   1
   c - Summon Small Mammal            Summoning                    1
   d - Apportation                    Translocation                1
 O - a book of Frost

   Spells                             Type                      Level
   a - Freeze                         Ice                          1
   b - Throw Frost                    Conjuration/Ice              2
   c - Ozocubu's Armour               Charms/Ice                   3
   d - Throw Icicle                   Conjuration/Ice              4
   e - Summon Ice Beast               Ice/Summoning                4
 W - a book of Power

   Spells                             Type                      Level
   a - Iskenderun's Battlesphere      Conjuration/Charms           5
   b - Venom Bolt                     Conjuration/Poison           5
   c - Bolt of Magma                  Conjuration/Fire/Earth       5
   d - Iron Shot                      Conjuration/Earth            6
   e - Orb of Destruction             Conjuration                  7
   f - Spellforged Servitor           Conjuration/Summoning        7
Comestibles
 b - 30 rations


   Skills:
 - Level 11.8 Fighting
 - Level 6.6 Dodging
 - Level 2.6 Stealth
 - Level 2.0 Unarmed Combat
 - Level 5.8 Spellcasting
 - Level 10.3(14.0) Conjurations
 + Level 10.8(14.5) Hexes


You had 9 spell levels left.
You knew the following spells:

 Your Spells              Type           Power        Failure   Level  Hunger
a - Magic Dart            Conj           ####         1%          1    None
b - Searing Ray           Conj           ######       1%          2    None
c - Iskenderun's Mystic   Conj           ######..     1%          4    ####...
d - Fulminant Prism       Conj/Hex       ######....   1%          4    ####...


Dungeon Overview and Level Annotations

Branches:
Dungeon (11/15)            Temple (1/1) D:4            Lair (2/6) D:8
    Orc (0/2) D:10
  Swamp: Lair:2-4    Shoals: Lair:2-4     Snake: Lair:2-4    Spider: Lair:2-4

Altars:
Ashenzari
Cheibriados
Dithmenos
Elyvilon
Fedhas
Gozag
Hepliaklqana
Kikubaaqudgha
Makhleb
Nemelex Xobeh
Okawaru
Qazlal
Ru
Sif Muna
Trog
Uskayaw
Vehumet
Wu Jian
Xom
Yredelemnul
Zin
The Shining One
Lugonu

Shops:
D:5 **!   D:7 *   D:8 =(*?=

Annotations:
D:5 troglodite's ghost, novice DsBe
D:10 Spoonicorn's ghost, journeyman OgBe


Innate Abilities, Weirdness & Mutations

You cannot wear armour.
You are incapable of wielding weapons or throwing items.
Your paws allow you to move quietly. (Stealth)
You have sharp claws.
You have razor-sharp teeth.
You have supernaturally acute eyesight. (SInv)
You are carnivorous and can eat meat at any time.
You cover ground quickly.
You are covered in thick fur. (AC +2)
You have a slow metabolism.
Your sharp claws are effective at attacking unaware monsters.


Message History

Casting: Magic Dart
Confirm with . or Enter, or press ? or * to list all spells.
Aiming: Magic Dart
Press: ? - help, Shift-Dir - straight line, f/p - wyvern
Aim: a wyvern (severely wounded)
The magic dart hits the wyvern.
The wyvern is severely wounded.
The wyvern bites you!
* * * LOW HITPOINT WARNING * * *
The wyvern bites you!
* * * LOW HITPOINT WARNING * * *
Casting: Magic Dart
Confirm with . or Enter, or press ? or * to list all spells.
Aiming: Magic Dart
Press: ? - help, Shift-Dir - straight line, f/p - wyvern
Aim: a wyvern (severely wounded)
The magic dart hits the wyvern.
The wyvern is severely wounded.
The wyvern bites you.
You die...

** *** *#........# ##
######..##........#
.####<.......+........#
........###.##........##
#P#.##### *#.........#
##### #.|......##
#...l.....# #.@#### *
**#.....## #..###.+.#
###,#....## ##.....#
#......# ##รท...## ###
### ####....#
#####.###.####.##....#


You could see a wyvern.

Vanquished Creatures
  A hydra (Lair:1)
  Fannar (Lair:1)
  Sonja (Lair:1)
  Pikel (D:6)
  An ugly thing (IceCv)
  A manticore (D:11)
  An oklob plant (D:8)
  A komodo dragon (Lair:1)
  3 spiny frogs (Lair:2)
  2 hippogriffs
  3 yaks (D:8)
  2 wyverns
  3 basilisks
  A hungry ghost (D:9)
  Menkaure (D:4)
  A soldier ant (D:11)
  5 water moccasins
  A warg (D:10)
  Edmund (D:6)
  6 porcupines
  2 orc warriors
  9 ice beasts
  3 sky beasts
  3 slaves
  A necrophage (D:8)
  3 phantoms
  5 ogres
  5 wolves (Lair:2)
  4 centaurs
  5 crocodiles
  11 bullfrogs
  A gnoll sergeant (D:6)
  3 scorpions
  6 killer bees (D:9)
  9 howler monkeys
  5 wights (D:8)
  2 crimson imps
  A centaur zombie (D:7)
  A quasit (D:9)
  6 hounds
  3 centaur skeletons
  Crazy Yiuf (D:2)
  4 orc priests
  9 jellies (D:8)
  6 orc wizards
  Jessica (D:3)
  5 bullfrog skeletons
  Ijyb (D:3)
  An iguana (D:8)
  9 worker ants
  A worker ant zombie (D:6)
  7 gnolls
  9 adders
  2 shadow imps (D:9)
  13 oozes (D:8)
  4 adder skeletons
  2 dart slugs
  2 worms (D:3)
  5 leopard geckos
  36 orcs
  3 bats (D:2)
  11 giant cockroaches
  10 goblins
  6 hobgoblins
  7 jackals
  9 kobolds
  2 quokkas
  2 frilled lizards (D:3)
  A jackal zombie (D:7)
  A quokka skeleton (D:6)
  5 rats
  A fungus (Lair:2)
301 creatures vanquished.

Vanquished Creatures (others)
  A slave (D:6)
  A bush (D:8)
  72 fulminant prisms
  9 fungi
  12 plants
95 creatures vanquished.

Grand Total: 396 creatures vanquished

Notes
Turn   | Place    | Note
-------+----------+-------------------------------------------
     0 | D:1      | inc the Felid Conjurer began the quest for the Orb.
     0 | D:1      | Reached XP level 1. HP: 7/7 MP: 4/4
   103 | D:1      | Reached skill level 1 in Unarmed Combat
   235 | D:1      | Reached XP level 2. HP: 11/11 MP: 0/6
  1143 | D:2      | Reached XP level 3. HP: 14/14 MP: 7/7
  1599 | D:2      | Found a runed door.
  1780 | D:2      | Noticed Crazy Yiuf
  1830 | D:2      | Killed Crazy Yiuf
  1830 | D:2      | Reached XP level 4. HP: 18/18 MP: 8/8
  2081 | D:3      | Reached skill level 5 in Conjurations
  2151 | D:3      | Found a snail-covered altar of Cheibriados.
  2300 | D:3      | Noticed a bullfrog
  2311 | D:3      | Killed a bullfrog
  2311 | D:3      | Reached XP level 5. HP: 10/21 MP: 7/9
  2569 | D:3      | Noticed Jessica
  2576 | D:3      | Killed Jessica
  2627 | D:3      | Noticed Ijyb
  2645 | D:3      | Killed Ijyb
  2649 | D:3      | Learned a level 2 spell: Searing Ray
  3265 | D:4      | Gained mutation: You are covered in thick fur. (AC +2) [Felid growth]
  3265 | D:4      | Reached XP level 6. HP: 24/24 MP: 10/10
  3354 | D:4      | Noticed Menkaure
  3361 | D:4      | Killed Menkaure
  3967 | D:4      | Found a staircase to the Ecumenical Temple.
  4029 | Temple   | Entered the Ecumenical Temple
  4062 | Temple   | Became a worshipper of Ashenzari the Shackled
  4095 | D:4      | Reached XP level 7. HP: 22/27 MP: 11/11
  4393 | D:5      | Entered Level 5 of the Dungeon
  4445 | D:5      | Learned a level 4 spell: Iskenderun's Mystic Blast
  4582 | D:5      | Found a burning altar of Makhleb.
  4816 | D:5      | Noticed troglodite's ghost (novice DsBe)
  5062 | D:5      | Found Vyocem's Distillery.
  5071 | D:5      | Bought a potion of curing for 30 gold pieces
  5322 | D:5      | Shot with an arrow by a centaur
  5323 | D:5      | Reached XP level 6. HP: -11/24 MP: 21/23
  5385 | D:5      | Found a hide-covered altar of Uskayaw.
  5390 | D:5      | Found a basalt altar of Yredelemnul.
  5396 | D:5      | Reached skill level 5 in Spellcasting
  5397 | D:5      | Found a glowing silver altar of Zin.
  5399 | D:5      | Found a shimmering altar of Xom.
  5461 | D:5      | Reached XP level 7. HP: 27/27 MP: 15/15
  5487 | D:5      | Found Razyqe's General Store.
  5515 | D:5      | Bought a scroll of identify for 26 gold pieces
  5515 | D:5      | Bought a scroll of teleportation for 39 gold pieces
  5883 | D:4      | Learned a level 4 spell: Fulminant Prism
  5981 | D:5      | Reached skill level 1 in Hexes
  5988 | D:5      | Found Peekunuy's General Store.
  6629 | D:6      | Noticed Pikel
  6638 | D:6      | Killed Pikel
  6638 | D:6      | Reached XP level 8. HP: 20/31 MP: 5/17
  7237 | D:6      | Reached skill level 1 in Fighting
  7282 | D:6      | Reached skill level 2 in Fighting
  7448 | D:6      | Reached skill level 3 in Fighting
  7574 | D:6      | Noticed Edmund
  7595 | D:6      | Killed Edmund
  7595 | D:6      | Reached skill level 4 in Fighting
  7595 | D:6      | Reached XP level 9. HP: 39/39 MP: 16/18
  7671 | D:6      | Reached * piety under Ashenzari
  8359 | D:7      | Reached skill level 5 in Fighting
  8770 | D:7      | Found a glowing golden altar of the Shining One.
  8816 | D:7      | Reached skill level 6 in Fighting
  8914 | D:7      | Reached ** piety under Ashenzari
  8970 | D:7      | Found Oqemieme's Assorted Antiques.
  9291 | D:8      | Found Adaolius's Magic Scroll Shop.
  9346 | D:8      | Reached skill level 7 in Fighting
  9454 | D:8      | Found a staircase to the Lair.
  9483 | D:8      | Reached skill level 8 in Fighting
  9566 | D:8      | Found Minamus's General Store.
  9657 | D:8      | Reached skill level 9 in Fighting
  9667 | D:8      | Reached XP level 10. HP: 20/49 MP: 17/19
  9675 | D:8      | Found Ydoemuec's Jewellery Shoppe.
  9877 | D:8      | Noticed an oklob plant
 10006 | D:8      | Killed an oklob plant
 10006 | D:8      | Reached skill level 10 in Fighting
 10080 | D:8      | Found an ancient bone altar of Kikubaaqudgha.
 10172 | D:8      | Found a white marble altar of Elyvilon.
 10227 | D:8      | Found an opulent altar of Gozag.
 10250 | D:8      | Found Eqeil's Jewellery Shop.
 10256 | D:8      | Found Fuzxiph's Weapon Emporium.
 10477 | D:8      | Found an ornate altar of the Wu Jian Council.
 10835 | D:9      | HP: 2/51 [ice beast (7)]
 10905 | D:9      | Reached skill level 11 in Fighting
 10924 | D:9      | Found a stormy altar of Qazlal.
 10924 | D:9      | Found a blossoming altar of Fedhas.
 10924 | D:9      | Found a sparkling altar of Nemelex Xobeh.
 10945 | D:9      | Found a sacrificial altar of Ru.
 12060 | D:8      | Bought a scroll of acquirement for 572 gold pieces
 12063 | D:8      | Identified the cursed ring "Arid" {rF+ MP+9 Stlth+} (You acquired it on level 8 of the Dungeon)
 12127 | D:10     | Entered Level 10 of the Dungeon
 12162 | D:10     | Noticed Spoonicorn's ghost (journeyman OgBe)
 12583 | D:10     | Found a staircase to the Orcish Mines.
 12826 | D:10     | Reached *** piety under Ashenzari
 13406 | D:11     | Reached skill level 5 in Dodging
 13542 | D:11     | Noticed a manticore
 13554 | D:11     | Slain by a manticore
 13555 | D:11     | Reached XP level 9. HP: -3/49 MP: 29/36
 13622 | D:11     | Killed a manticore
 13622 | D:11     | Reached XP level 10. HP: 44/53 MP: 19/19
 13650 | D:11     | Noticed a tengu warrior
 13735 | Lair:1   | Entered Level 1 of the Lair of Beasts
 13777 | Lair:1   | Reached **** piety under Ashenzari
 13777 | Lair:1   | Noticed a seven-headed hydra
 13809 | Lair:1   | Killed a seven-headed hydra
 14117 | Lair:1   | Found a frozen archway.
 14128 | IceCv    | Entered an ice cave
 14128 | IceCv    | Noticed a white ugly thing
 14138 | IceCv    | Killed a white ugly thing
 14145 | IceCv    | Found a transporter.
 14304 | IceCv    | Noticed a white ugly thing
 14304 | IceCv    | Noticed an ice statue
 14304 | IceCv    | Noticed an ice statue
 14589 | Lair:1   | Noticed Sonja
 14719 | Lair:1   | Noticed Fannar
 14735 | Lair:1   | Killed Fannar
 15125 | Lair:1   | Killed Sonja
 15465 | Lair:1   | Reached XP level 11. HP: 27/57 MP: 20/20
 15667 | Lair:2   | Reached skill level 10 in Conjurations
 16034 | Lair:2   | Reached ***** piety under Ashenzari
 16115 | Lair:2   | Reached skill level 10 in Hexes
 16144 | Lair:2   | Slain by a komodo dragon
 16145 | Lair:2   | Reached XP level 10. HP: 0/53 MP: 11/37
 16441 | Lair:2   | HP: 2/53 [wyvern (7)]
 16442 | Lair:2   | Slain by a wyvern

Skill      XL: |  1  2  3  4  5  6  7  8  9 10 11 |
---------------+----------------------------------+-----
Unarmed Combat | 1 2 |  2.0
Conjurations   | 4 5 6 7 9 10 | 10.3
Spellcasting   | 5 4 |  5.8
Hexes          | 8 9 10 | 10.8
Fighting       | 4 9 11 | 11.8
Dodging        | 6 5 |  6.6
Stealth        | |  2.6

Action                   |  1- 3 |  4- 6 |  7- 9 | 10-12 || total
-------------------------+-------+-------+-------+-------++-------
Melee: Unarmed           |    24 |       |     2 |       ||    26
       Bite              |     2 |       |     1 |       ||     3
       Punch             |       |       |     1 |       ||     1
 Cast: Magic Dart        |    97 |   144 |   233 |   257 ||   731
       Searing Ray       |       |     3 |    29 |    37 ||    69
       Iskenderun's Myst |       |       |    30 |    55 ||    85
       Fulminant Prism   |       |       |    21 |    51 ||    72
Invok: Curse Item        |       |       |     3 |     1 ||     4
  Use: Scroll            |       |       |     7 |    11 ||    18
       Potion            |       |       |     1 |     4 ||     5
 Stab: Sleeping          |     1 |       |       |       ||     1
  Eat: Chunk             |     2 |     6 |    17 |    21 ||    46
       Ration            |       |       |       |     2 ||     2
Armor: Skin              |       |     2 |     7 |     6 ||    15
Dodge: Dodged            |    28 |    36 |   102 |   164 ||   330
